 Dungeon Crawl Stone Soup version 0.27-a0-978-g2aa4ecdaef (webtiles) character file.

Game seed: 15397486247518787238

98 dickylongcocking the Magician (level 4, -13/34 HPs)
             Began as a Djinni Ice Elementalist on Apr 14, 2021.
             Mangled by Sigmund
             ... wielding a +0 scythe
              (14 damage)
             ... on level 3 of the Dungeon.
             The game lasted 00:02:27 (3792 turns).

dickylongcocking the Magician (DjIE)                Turns: 3792, Time: 00:02:27

Health: -13/34     AC:  3    Str:  7    XL:     4   Next: 69%
Gold:   52         EV: 11    Int: 18    God:
                   SH:  0    Dex: 13

rFire    + + .     SeeInvis .   o - +1 dagger (venom)
rCold    x . .     Faith    .   (no shield)
rNeg     . . .     Spirit   .   h - +0 leather armour
rPois    ∞         Reflect  .   (no helmet)
rElec    .         Harm     .   (no cloak)
rCorr    .         Rampage  .   (no gloves)
Will     .....                  (boots unavailable)
Stlth    +.........             (no amulet)
HPRegen  0.11/turn              (no ring)
MPRegen  0.00/turn              (no ring)

@: confused, flying
A: fire resistance 2, cold vulnerability 1, float, innate caster, hp casting,
extra vitality 1
a: no special abilities


You were on level 3 of the Dungeon.
You visited 1 branch of the dungeon, and saw 3 of its levels.

You collected 52 gold pieces.

Inventory:

Hand Weapons
 f - a +0 club
 i - a +0 dagger
 l - a +0 quarterstaff
 o - a +1 dagger of venom (weapon)
Armour
 a - a +0 robe
 h - a +0 leather armour (worn)
Wands
 n - a wand of flame (14)
Scrolls
 b - a scroll of noise {unknown}
 d - a scroll of enchant weapon {unknown}
 e - 2 scrolls of acquirement {unknown}
 g - 2 scrolls of summoning
 j - 2 scrolls of identify
 k - a scroll of brand weapon
 m - a scroll of amnesia {unknown}
 p - a scroll of immolation {unknown}
 q - a scroll of teleportation {unknown}
Potions
 c - a potion of magic


   Skills:
 * Level 2.5 Fighting
 - Level 2.2 Dodging
 - Level 1.6 Stealth
 * Level 4.5 Spellcasting


You couldn't memorise any spells.
You knew the following spells:

 Your Spells              Type           Power      Damage    Failure   Level
a - Freeze                Ice            80%        1d9       3%          1
b - Frozen Ramparts       Ice            40%        1d6       10%         3
c - Ozocubu's Armour      Ice            20%        N/A       10%         3
d - Hailstorm             Conj/Ice       20%        3d6       32%         4
e - Metabolic Englaciati  Hex/Ice        10%        N/A       65%         5
f - Pain                  Necr           80%        1d8       3%          1
Your spell library was empty.

Dungeon Overview and Level Annotations

Branches:
Dungeon (3/15)

Altars:

Shops:
D:2 [

Annotations:
D:3 Sigmund


Innate Abilities, Weirdness & Mutations

You are immune to poison.
Your flesh is very heat resistant. (rF++)
You are vulnerable to cold. (rC-)
You float through the air rather than walking.
You learn spells naturally, not from books.
Your magical power is your life essence.
You have superior vitality. (+4 HP)


Message History

Unknown command.
Unknown command.
Unknown command.
Unknown command.
Unknown command.
Unknown command.
Are you sure you want to stumble around while confused and next to your endoplasm?
Okay, then.
Unknown command.
Unknown command.
Your adder bites Sigmund but does no damage.
Sigmund barely misses you.
Your endoplasm closely misses Sigmund.
Unknown command.
Your adder closely misses Sigmund.
Sigmund gestures at himself while chanting.
Sigmund flickers and vanishes!
Deactivating autopickup; reactivate with Ctrl-A.
Your endoplasm closely misses something.
Unknown command.
Unknown command.
Something hits you.
* * * LOW HITPOINT WARNING * * *
Your endoplasm hits something but does no damage.
Unknown command.
Unknown command.
Okay, then.
You are too confused!
Unknown command.
You are too confused!
Unknown command.
You are too confused!
Unknown command.
Are you sure you want to stumble around while confused and next to your endoplasm? [Y]es or [N]o only, please.
Are you sure you want to stumble around while confused and next to your endoplasm?
Okay, then.
Are you sure you want to stumble around while confused and next to your endoplasm?
You're too confused to move!
The worm bites your adder.
Your adder barely misses the worm.
Something hits you!
You die...

######### #........
#........ #........
#........ #........
#{J...... #@Sw.....
#K.......
########........
#...............
#........#######
#.....†..# #.#
#........#####.##########
#........................
#..>...........#.........


You could see a worm (ally target), a friendly adder (summoned), a friendly
endoplasm (summoned) and a friendly kobold (summoned).

Vanquished Creatures
  Jessica (D:2)
  2 adders
  A worm (D:2)
  2 dart slugs
  3 endoplasms
  A giant cockroach (D:1)
  5 goblins
  3 hobgoblins
  4 jackals (D:1)
  8 kobolds
  2 quokkas
  3 ball pythons
  2 bats (D:1)
  4 frilled lizards
  3 rats
44 creatures vanquished.

Notes
Turn   | Place    | Note
-------+----------+-------------------------------------------
     0 | D:1      | dickylongcocking the Djinni Ice Elementalist began the
                  | quest for the Orb.
     0 | D:1      | Reached XP level 1. HP: 15/15 MP: 0/0
   464 | D:1      | Reached XP level 2. HP: 18/21 MP: 0/0
   503 | D:1      | Found a faded altar of an unknown god.
   660 | D:1      | Reached skill level 4 in Spellcasting
  1004 | D:1      | Reached skill level 1 in Fighting
  1199 | D:1      | Reached XP level 3. HP: 13/27 MP: 0/0
  1199 | D:1      | Learned a level 1 spell: Pain
  1935 | D:2      | Found Moyrexov's Antique Armour Boutique.
  2496 | D:2      | Noticed Jessica
  2500 | D:2      | Killed Jessica
  2501 | D:2      | Reached XP level 4. HP: 23/33 MP: 0/0
  3779 | D:3      | Noticed Sigmund
  3791 | D:3      | HP: 1/34 [something (6)]
  3792 | D:3      | Mangled by Sigmund

Illustrated notes

Levels and vault maps discovered:
D:1:      lemuel_arrival_behind_the_door_large, layout_basic,
          basic_ecumenical_altar, chequers_decorated_corner, minmay_pentomino_t4
D:2:      layout_rooms, serial_shops, nicolae_shop_stone, minmay_misc_feat_chi,
          uniq_jessica
D:3:      layout_basic, corexii_hall_statues_x, palyth_stone_intersect,
          uniq_sigmund

Skill      XL: |  1  2  3 |
---------------+----------+-----
Spellcasting   | 4 |  4.5
Fighting       | 1 2 |  2.5
Dodging        | |  2.2
Stealth        | |  1.6

Action                   |  1- 3 |  4- 6 || total
-------------------------+-------+-------++-------
Melee: Unarmed           |     8 |       ||     8
       Dagger            |     4 |    29 ||    33
       Quarterstaff      |     1 |     2 ||     3
 Cast: Freeze            |    53 |     7 ||    60
       Ozocubu's Armour  |       |     1 ||     1
  Use: Scroll            |       |     2 ||     2
       Potion            |       |     1 ||     1
 Stab: Sleeping          |       |     2 ||     2
Armor: Robe              |     3 |       ||     3
       Leather armour    |     2 |     5 ||     7
Dodge: Dodged            |    31 |    17 ||    48

Table legend: (Time is in decaauts)
 A = Elapsed time spent in this place.
 B = Non-inter-level travel time spent in this place.
 C = Inter-level travel time spent in this place.
 D = Time resting spent in this place.
 E = Time spent auto-exploring this place.
 F = Levels seen in this place.
 G = Mean time per level.
                   A        B        C        D        E       F      G
               +--------+--------+--------+--------+--------+-----+--------+
         Total |   3790 |   3743 |     47 |    350 |   3072 |   3 | 1263.3 |
       Dungeon |   3790 |   3743 |     47 |    350 |   3072 |   3 | 1263.3 |
               +--------+--------+--------+--------+--------+-----+--------+

Top non-repeatable levels by time:
     D:1: 1794 daAuts
     D:3: 1080 daAuts
     D:2: 916 daAuts
